 Dungeon Crawl Stone Soup version 0.27-a0-1572-gacd6f1ce93 (webtiles) character file.

Game seed: 2765006416523050429

1194 Blejac999 the Covered (level 8, -2/58 HPs)
             Began as a Djinni Fighter on July 17, 2021.
             Was a Follower of the Shining One.
             Slain by an orc warrior (14 damage)
             ... on level 6 of the Dungeon.
             The game lasted 00:12:48 (5628 turns).

Blejac999 the Covered (Djinni Fighter)              Turns: 5628, Time: 00:12:49

Health: -2/58      AC: 13    Str: 17    XL:     8   Next: 71%
Gold:   296        EV:  8    Int:  9    God:    the Shining One [*.....] SH: 10 Dex: 20

rFire    + + .     SeeInvis .   a - +0 long sword
rCold    . . .     Faith    .   c - +0 kite shield
rNeg     . . .     Spirit   .   b - +1 scale mail
rPois    ∞         Reflect  .   (no helmet)
rElec    .         Harm     .   (no cloak)
rCorr    .         Rampage  +   m - +0 pair of gloves
Will     .....     NoTele   +   (boots unavailable)
Stlth    ..........             h - amulet "Okiw" {-Tele Rampage rC+ Regen+}
HPRegen  1.19/turn              k - +6 ring of dexterity
MPRegen  0.00/turn              d - +4 ring of protection

@: flying, glowing
A: sickness immunity, fire resistance 2, cold vulnerability 1, float, innate
caster, hp casting, extra vitality 1
a: Renounce Religion


You were on level 6 of the Dungeon.
You worshipped the Shining One.
The Shining One was aware of your devotion.
You visited 1 branch of the dungeon, and saw 6 of its levels.
You also visited: Ossuary.

You collected 296 gold pieces.

Inventory:

Hand Weapons
 a - a +0 long sword (weapon)
 f - a +2 dagger of electrocution
Armour
 b - a +1 scale mail (worn)
 c - a +0 kite shield (worn)
 m - a +0 pair of gloves (worn)
Jewellery
 d - a +4 ring of protection (right hand)
 g - an amulet of reflection
 h - the amulet "Okiw" (around neck) {-Tele Rampage rC+ Regen+}
   (You found it on level 4 of the Dungeon)

   [amulet of regeneration]

   rC:        It protects you from cold.
   -Tele:     It prevents most forms of teleportation.
   Regen:     It increases your rate of health regeneration.
   Rampage:   It bestows one free step when moving towards enemies.
 k - a +6 ring of dexterity (left hand)
 o - a +6 ring of dexterity
Wands
 j - a wand of flame (15)
 n - a wand of iceblast (6)
Scrolls
 e - 2 scrolls of identify
 i - 2 scrolls of teleportation
 l - a scroll of enchant armour


   Skills:
 + Level 4.7 Fighting
 + Level 5.3 Long Blades
 + Level 5.4 Armour
 + Level 1.9 Dodging
 + Level 0.1 Stealth
 + Level 4.5 Shields
 * Level 2.4 Spellcasting


You had 5 spell levels left.
You knew the following spells:

 Your Spells              Type           Power      Damage    Failure   Level
a - Sting                 Tmut/Pois      20%        1d4       80%         1
b - Searing Ray           Conj           10%        3d3       91%         2
c - Swiftness             Air            5%         N/A       99%         3
Your spell library was empty.

Dungeon Overview and Level Annotations

Branches:
Dungeon (6/15)             Temple (0/1) D:5         Ossuary (visited)

Altars:
Dithmenos
Fedhas
Gozag
Uskayaw
The Shining One

Annotations:
D:3 2 runed translucent doors, makewrite's ghost, amateur MiFi


Innate Abilities, Weirdness & Mutations

You are immune to sickness and miasma.
You are immune to poison.
Your flesh is very heat resistant. (rF++)
You are vulnerable to cold. (rC-)
You float through the air rather than walking.
You learn spells naturally, not from books.
Your magical power is your life essence.
You have superior vitality. (+4 HP)


Message History

An orc priest comes into view. It is wielding a +0 club.
You rampage towards the orc!
An orc warrior comes into view. It is wielding a +0 halberd.
Found a ring mail.
Found a stone staircase leading down.
The orc barely misses you.
You hit the orc but do no damage. The orc barely misses you.
The orc wizard casts a spell.
The orc wizard flickers and vanishes for a moment.
You slash the orc!
You kill the orc!
You block the orc's attack. x2
Things that are here:
a +1 whip of flaming; a +0 leather armour You hit the orc.
The orc is heavily wounded.
The orc warrior hits you from afar with a +0 halberd.
The orc warrior hits you from afar with a +0 halberd!
You hit the orc wizard but do no damage.
The orc wizard hits you but does no damage.
The orc warrior hits you from afar with a +0 halberd!
You barely miss the orc wizard. The orc wizard casts a spell at you.
The magic dart hits you but does no damage.
The orc warrior hits you from afar with a +0 halberd!
The orc priest mumbles some strange prayers to Beogh against you.
Beogh smites you!
* * * LOW HITPOINT WARNING * * *
You block the orc wizard's attack.
You aren't carrying any potions.
Okay, then.
You aren't carrying any potions.
Okay, then.
The orc warrior closely misses you.
You start removing your amulet.
You continue taking off the amulet "Okiw" {-Tele Rampage rC+ Regen+}.
The orc priest calls upon Beogh to heal the orc.
The orc's wounds heal themselves!
The orc warrior hits you from afar with a +0 halberd!
Keep disrobing?
You die...

### #.### ### #...# #..
#.#.# #.# #.#.# #.#
######.#.# #[#
.......#.#######.#
########.......#.#
......##.#####.#@#
#####.###......#.#
##.............#o#######
..>............oo.....>#
##.....##.....#......#.#
#......#.....#......#
#....#.#.....#......#
......#.#.....#.....?#
......#.#.....########


You could see an orc warrior, an orc priest and an orc.

Vanquished Creatures
  Grinder (D:5)
  2 shadows
  2 water moccasins (D:6)
  An ogre (D:5)
  A phantom (D:6)
  2 scorpions
  A wyvern skeleton (D:5)
  A bullfrog zombie (D:6)
  An orc priest (D:6)
  A hound (D:4)
  2 jellies (D:6)
  2 iguanas (D:6)
  2 orc wizards (D:6)
  4 mummies
  A howler monkey zombie (D:5)
  A howler monkey skeleton (D:5)
  5 adders
  4 worms
  A dart slug (D:1)
  7 orcs (D:6)
  4 endoplasms
  A giant cockroach (D:1)
  4 goblins
  6 hobgoblins
  9 jackals
  4 quokkas
  2 ball pythons
  8 bats
  5 frilled lizards
  A goblin zombie (D:4)
  A hobgoblin zombie (D:4)
  12 kobolds
  2 kobold skeletons (Ossuary)
  An orc skeleton (Ossuary)
  4 rats
  A rat skeleton (Ossuary)
107 creatures vanquished.

Vanquished Creatures (others)
  4 fungi (D:3)
4 creatures vanquished.

Grand Total: 111 creatures vanquished

Notes
Turn   | Place    | Note
-------+----------+-------------------------------------------
     0 | D:1      | Blejac999 the Djinni Fighter began the quest for the Orb.
     0 | D:1      | Reached XP level 1. HP: 20/20 MP: 0/0
   138 | D:1      | Reached XP level 2. HP: 18/25 MP: 0/0
   668 | D:1      | Found a faded altar of an unknown god.
   675 | D:1      | Became a worshipper of Dithmenos the Shadowed
   675 | D:1      | Reached * piety under Dithmenos
   951 | D:2      | Reached XP level 3. HP: 23/30 MP: 0/0
   951 | D:2      | Learned a level 1 spell: Sting
  1723 | D:3      | Found a large runed translucent door.
  1723 | D:3      | Found a large runed translucent door.
  1726 | D:3      | Noticed makewrite's ghost (amateur MiFi)
  1737 | D:3      | Reached XP level 4. HP: 35/35 MP: 0/0
  1873 | D:3      | Fell from the grace of Dithmenos
  2403 | D:3      | Found a glowing golden altar of the Shining One.
  2403 | D:3      | Noticed a scorpion
  2427 | D:3      | Killed a scorpion
  2428 | D:3      | Reached XP level 5. HP: 23/40 MP: 0/0
  2428 | D:3      | Learned a level 2 spell: Searing Ray
  2439 | D:3      | Became a worshipper of the Shining One
  2744 | D:3      | Found an opulent altar of Gozag.
  2789 | D:3      | Found a hide-covered altar of Uskayaw.
  2842 | D:3      | Noticed a shadow demon
  2842 | D:3      | Noticed a shadow demon
  2842 | D:3      | Noticed a shadow demon
  2879 | D:4      | Found a blossoming altar of Fedhas.
  2928 | D:4      | Found a sand-covered staircase.
  2942 | Ossuary  | Entered an ossuary
  2952 | Ossuary  | Noticed a shadow
  2952 | Ossuary  | Noticed a shadow
  2952 | Ossuary  | Noticed a shadow
  2966 | Ossuary  | Killed a shadow
  3004 | Ossuary  | Reached * piety under the Shining One
  3009 | Ossuary  | The Shining One protects you from harm!
  3015 | Ossuary  | Reached XP level 6. HP: 10/47 MP: 0/0
  3209 | D:4      | Killed a shadow
  3797 | D:4      | Identified the amulet "Okiw" {-Tele Rampage rC+ Regen+}
  3908 | D:4      | Reached skill level 1 in Dodging
  4233 | D:5      | Entered Level 5 of the Dungeon
  4350 | D:5      | Reached skill level 1 in Spellcasting
  4350 | D:5      | Reached XP level 7. HP: 14/51 MP: 0/0
  4350 | D:5      | Learned a level 3 spell: Swiftness
  4507 | D:5      | Found a staircase to the Ecumenical Temple.
  4614 | D:5      | Noticed Grinder
  4617 | D:5      | Paralysed by Grinder for 6 turns
  4628 | D:5      | Paralysed by Grinder for 6 turns
  4641 | D:5      | Paralysed by Grinder for 2 turns
  4654 | D:5      | Paralysed by Grinder for 6 turns
  4666 | D:5      | Paralysed by Grinder for 2 turns
  4670 | D:5      | Paralysed by Grinder for 4 turns
  4680 | D:5      | Killed Grinder
  4999 | D:6      | Noticed a water moccasin
  5008 | D:6      | Killed a water moccasin
  5009 | D:6      | Reached skill level 5 in Armour
  5009 | D:6      | Reached XP level 8. HP: 58/58 MP: 0/0
  5159 | D:6      | Reached skill level 5 in Long Blades
  5521 | D:6      | Noticed a cane toad
  5521 | D:6      | a shapeshifter changed into a cane toad
  5542 | D:6      | Noticed a raiju
  5542 | D:6      | a cane toad changed into a raiju
  5628 | D:6      | Slain by an orc warrior

Illustrated notes

Levels and vault maps discovered:
D:1:      lemuel_arrival_river_bridge, layout_rooms,
          dreamdust_ecumenical_altar_hidden_monk_grotto,
          chequers_serial_rivers_large_a, minivault_27, grunt_decor_junction
D:2:      layout_loops_cross, minmay_misc_feat_five, kennysheep_small_spiral,
          minmay_crystal_water
D:3:      layout_loops_corners, mainiacjoe_overflow_alcove_4,
          chequers_temple_overflow_statue_of_worship,
          ebering_ghost_disaster_area, chequers_serial_rivers_room_a
D:4:      layout_layer_cave, fedhas_altar_1, nicolae_ossuary_entry_giza,
          kennysheep_donut
D:5:      layout_basic, minmay_temple_entry_glass, uniq_grinder
D:6:      layout_basic, lemuel_coloured_pillars_altar

Skill      XL: |  1  2  3  4  5  6  7  8 |
---------------+-------------------------+-----
Long Blades    | 2 3 4 5 |  5.3
Armour         | 4 5 |  5.4
Dodging        | 1 |  1.9
Shields        | 4 |  4.5
Spellcasting   | 1 2 |  2.4
Fighting       | 4 |  4.7
Stealth        | |  0.1

Action                   |  1- 3 |  4- 6 |  7- 9 || total
-------------------------+-------+-------+-------++-------
Melee: Long sword        |    94 |   187 |   163 ||   444
Invok: Renounce Religion |       |     1 |       ||     1
  Use: Potion            |     3 |     6 |     2 ||    11
       Scroll            |     1 |    11 |     2 ||    14
Armor: Scale mail        |    53 |    59 |    80 ||   192
Dodge: Dodged            |    22 |    55 |    54 ||   131
Block: Kite shield       |    42 |   143 |    75 ||   260
       Reflection        |       |     1 |       ||     1
       Rpst.: Long sword |     7 |    28 |    18 ||    53

Table legend: (Time is in decaauts)
 A = Elapsed time spent in this place.
 B = Non-inter-level travel time spent in this place.
 C = Inter-level travel time spent in this place.
 D = Time resting spent in this place.
 E = Time spent auto-exploring this place.
 F = Levels seen in this place.
 G = Mean time per level.
                   A        B        C        D        E       F      G
               +--------+--------+--------+--------+--------+-----+--------+
         Total |   5808 |   5746 |     62 |   1024 |   3511 |   7 |  829.7 |
       Dungeon |   5530 |   5468 |     62 |    857 |   3511 |   6 |  921.7 |
       Ossuary |    277 |    277 |      0 |    167 |      0 |   1 |  277.0 |
               +--------+--------+--------+--------+--------+-----+--------+

Top non-repeatable levels by time:
     D:3: 1181 daAuts
     D:4: 1139 daAuts
     D:2: 954 daAuts
     D:1: 797 daAuts
     D:5: 785 daAuts
     D:6: 673 daAuts
 Ossuary: 277 daAuts
